AoeStats
← Nice Town... >:)

Arabia

508988674Analyzed
1v1 RM · 9d ago on Sep 25, 2026· 55m 26s· 2 players
Game mode
Random Map
Map size
Tiny (2 player)
Population
200
Speed
Normal
Resources
Standard
Victory
Conquest
Starting age
Dark Age
Ending age
Imperial Age
RankedLock teamsTeams togetherTeam positionsShared explorationLock speedFull tech treeHidden civsTurbo modeCheats
Victory
Defeat
🇬🇧 Franks · United Kingdom
1228
+17
🇺🇸 Sicilians · United States
1255
-17
The Potato King
6:57 Loom
9:54 Feudal Age
10:27 Double-Bit Axe
10:26 Man-at-Arms
12:30 Wheelbarrow
16:33 Forging
17:57 Scale Barding Armor
19:30 Scale Mail Armor
23:49 Castle Age
21:53 Gold Mining
24:41 Husbandry
29:53 Gold Shaft Mining
29:34 Bow Saw
29:04 Light Cavalry
31:05 Iron Casting
30:39 Stone Mining
33:44 Chain Barding Armor
35:37 Hand Cart
37:01 Chain Mail Armor
36:48 Squires
41:31 Imperial Age
40:51 Town Watch
41:36 Cavalier
43:29 Blast Furnace
43:56 Plate Barding Armor
43:52 Fletching
43:33 Paladin
45:59 Conscription
49:13 Ordonnance Companies
49:16 Elite Throwing Axeman
51:34 Plate Mail Armor
51:24 Arson
Nice Town... >:)
6:28 Loom
8:48 Feudal Age
9:32 Double-Bit Axe
11:23 Horse Collar
20:41 Wheelbarrow
24:30 Castle Age
23:29 Scale Mail Armor
25:27 Squires
25:46 Chain Mail Armor
26:09 Bow Saw
26:47 Forging
30:04 Heavy Plow
39:56 Imperial Age
40:03 Elite Serjeant
41:26 Plate Mail Armor
40:44 Arson
44:13 Iron Casting
45:39 Ballistics
45:13 Fletching
50:56 Blast Furnace
53:04 Hand Cart
Connection lost

Rejoining the realm…

Still unreachable

The connection could not be restored.

Session expired

The server has moved on; the page needs a fresh start.